 Dungeon Crawl Stone Soup version 0.16-a0-3308-g116f5c4 (webtiles) character file.

79 PolkaDot the Caller (level 4, -4/35 HPs)
             Began as a Vampire Summoner on Dec 26, 2014.
             Slain by Grinder (11 damage)
             ... on level 3 of the Dungeon.
             The game lasted 00:06:43 (1965 turns).

PolkaDot the Caller (Vampire Summoner)              Turns: 1965, Time: 00:06:43

Health: -4/35      AC:  2    Str:  7    XL:     4   Next: 16%
Magic:  1/7        EV: 12    Int: 22    God:
Gold:   127        SH:  0    Dex: 14    Spells: 3 memorised, 1 level left

rFire  . . .     SeeInvis +     f - +0 spear
rCold  . . .     Clarity  .     a - +0 robe
rNeg   . . .     SustAb   .     (no shield)
rPois  .         Gourm    .     (no helmet)
rElec  .         Spirit   .     (no cloak)
rCorr  .         Warding  .     (no gloves)
rMut   .         Stasis   .     (no boots)
MR     .....                    (no amulet)
Stlth  +++.......               (no ring)
                                d - +4 ring of intelligence

@: flying, regenerating very quickly, not resistant to hostile enchantments,
fairly stealthy
A: bottle blood, fangs 3, camouflage 1, see invisible, unbreathing
a: no special abilities


You were on level 3 of the Dungeon.
You were almost alive.

You visited 1 branch of the dungeon, and saw 3 of its levels.

You collected 127 gold pieces.

Inventory:

Hand weapons
 f - a +0 spear (weapon)
Armour
 a - a +0 robe (worn)
Jewellery
 d - a +4 ring of intelligence (left hand)
Magical devices
 l - a wand of confusion (7)
Scrolls
 c - a scroll of identify {unknown}
 g - a scroll of fear {unknown}
 h - a scroll of fog
 j - 3 scrolls of remove curse {unknown}
 n - 2 scrolls of enchant weapon
Potions
 e - 4 potions of blood {@*1}
 k - a potion of cancellation {unknown}
 m - a potion of flight
 o - a potion of cure mutation {unknown}
Books
 b - a book of Callings

   Spells                             Type                      Level
   a - Summon Small Mammal            Summoning                    1
   b - Call Imp                       Summoning                    2
   c - Call Canine Familiar           Summoning                    3
   d - Summon Guardian Golem          Hexes/Summoning              4
   e - Summon Lightning Spire         Summoning/Air                4
   f - Summon Ice Beast               Ice/Summoning                4


   Skills:
 * Level 3.4 Fighting
 - Level 2.1 Dodging
 - Level 3.0 Stealth
 - Level 2.0 Spellcasting
 - Level 4.0 Summonings


You had one spell level left.
You knew the following spells:

 Your Spells              Type           Power        Failure   Level  Hunger
d - Call Canine Familiar  Summ           ###.....     10%         3    ###....
s - Call Imp              Summ           ###.....     4%          2    ##.....
z - Summon Small Mammal   Summ           ###.         2%          1    #......


Dungeon Overview and Level Annotations

Branches:
Dungeon (3/15)

Altars:
Ashenzari
Elyvilon
Ru
Vehumet

Annotations:
D:3 Grinder


Innate Abilities, Weirdness & Mutations

Your natural rate of healing is extremely fast.
You can bottle blood from corpses.
You have razor-sharp teeth.
You have supernaturally acute eyesight.
You can survive without breathing.
Your skin changes colour to match your surroundings (Stealth).


Message History

Grinder hits your hound!
Your hound writhes in agony.
The hobgoblin hits you.
* * * LOW HITPOINT WARNING * * *
Your hound bites the worker ant.
The worker ant dies!
You have reached level 4!
Your quokka bites the hobgoblin.
Grinder gestures.
Grinder blinks!
You feel sick. Grinder gestures at you. Pain shoots through your body!
* * * LOW HITPOINT WARNING * * *
Your hound bites the hobgoblin.
Your quokka bites the hobgoblin but does no damage.
There is a stone staircase leading up here.
Drink which item? (? for menu, Esc to quit)
It was a potion of curing.
You feel better.
Your hound bites the hobgoblin.
Your crimson imp blinks!
Grinder hits you!
You die...

..S.. . ..#.# ...
.#.# ##... ...#
.....###..# #..
#.##.......###...
......ยง.<.........
.....###..5.####. #
# #...@..###
#.....##gr...#
###...#.h...#...#
...#............
########...#.#...
......# .##.......
.. .#..... .#
.....#


You could see Grinder, an adder (sleeping), a hobgoblin, a friendly hound and a
friendly quokka.

Vanquished Creatures
  An adder (D:2)
  A giant mite (D:2)
  A giant gecko (D:2)
  A ball python (D:2)
  4 bats
  4 giant cockroaches
  6 hobgoblins
  6 giant newts
  5 goblins
  3 kobolds (D:1)
  2 quokkas (D:2)
  7 rats
41 creatures vanquished.

Vanquished Creatures (collateral kills)
  A worker ant (D:3)
  A giant gecko (D:1)
  A bat (D:2)
  A goblin (D:1)
  2 hobgoblins
  3 jackals (D:1)
  A giant cockroach (D:1)
  A giant newt (D:1)
11 creatures vanquished.

Vanquished Creatures (others)
  A bat (D:1)
  A quokka (D:1)
2 creatures vanquished.

Grand Total: 54 creatures vanquished

Notes
Turn   | Place    | Note
--------------------------------------------------------------
     0 | D:1      | PolkaDot, the Vampire Summoner, began the quest for the Orb.
     0 | D:1      | Reached XP level 1. HP: 13/13 MP: 3/3
   129 | D:1      | Reached skill level 1 in Fighting
   268 | D:1      | Reached XP level 2. HP: 12/21 MP: 4/4
   588 | D:1      | Gained mutation: Your skin changes colour to match your surroundings (Stealth). [potion of mutation]
   588 | D:1      | Gained mutation: You are clumsy. (Dex -2) [potion of mutation]
   588 | D:1      | Lost mutation: You are clumsy. (Dex -2) [potion of mutation]
   879 | D:1      | Learned a level 2 spell: Call Imp
   910 | D:2      | Found a radiant altar of Vehumet.
  1062 | D:2      | Reached XP level 3. HP: 18/28 MP: 6/6
  1109 | D:2      | Found a sacrificial altar of Ru.
  1116 | D:2      | Found a shattered altar of Ashenzari.
  1121 | D:2      | Found a white marble altar of Elyvilon.
  1936 | D:2      | Learned a level 3 spell: Call Canine Familiar
  1955 | D:3      | Noticed Grinder
  1955 | D:3      | Paralysed by Grinder for 3 turns
  1962 | D:3      | Reached XP level 4. HP: 12/35 MP: 1/7
  1964 | D:3      | HP: 1/35 [Grinder/nerve-wracking pain (11)]
  1965 | D:3      | Slain by Grinder

Action                   |  1- 3 |  4- 6 || total
-------------------------+-------+-------++-------
Melee: Spear             |   195 |       ||   195
       Unarmed           |    13 |       ||    13
 Cast: Summon Small Mamm |    14 |       ||    14
       Call Imp          |     4 |       ||     4
       Call Canine Famil |     1 |       ||     1
  Use: Potion            |    11 |     1 ||    12
       Scroll            |     4 |       ||     4
 Stab: Sleeping          |    12 |       ||    12
       Distracted        |     1 |       ||     1
  Eat: Corpse            |     8 |       ||     8
